AoeStats
← ᅚᅚᅚᅚ

African Clearing

505126467Analyzed
4v4 RM · 24d ago on Sep 7, 2026· 117m 55s· 8 players
Game mode
Random Map
Map size
Large (8 player)
Population
200
Speed
Normal
Resources
Standard
Victory
Conquest
Starting age
Dark Age
Ending age
Imperial Age
RankedLock teamsTeams togetherTeam positionsShared explorationLock speedFull tech treeHidden civsTurbo modeCheats
Victory
Defeat
🇦🇷 Persians · Argentina
1328
+14
🇨🇱 Gurjaras · Chile
1302
+15
🇨🇱 Sicilians · Chile
1285
+16
🇦🇷 Mongols · Argentina
1252
+17
🇹🇷 Berbers · Türkiye
1315
-18
🇧🇷 Persians · Brazil
1284
-16
🇧🇷 Huns · Brazil
1255
-14
🇹🇷 Mongols · Türkiye
1252
-14
Sem
7:16 Loom
12:40 Feudal Age
16:56 Castle Age
16:43 Bloodlines
17:10 Scale Barding Armor
25:30 Padded Archer Armor
25:30 Double-Bit Axe
26:07 Scale Mail Armor
26:23 Forging
28:38 Husbandry
30:34 Bow Saw
30:07 Horse Collar
32:27 Chain Barding Armor
37:53 Heavy Plow
44:49 Imperial Age
42:58 Wheelbarrow
43:13 Iron Casting
43:04 Kasbah
43:31 Gold Mining
43:32 Stone Mining
46:15 Fletching
48:50 Crop Rotation
48:06 Town Watch
49:20 Bodkin Arrow
49:25 Padded Archer Armor
50:10 Ballistics
50:51 Chemistry
49:42 Elite Camel Archer
50:49 Conscription
50:40 Heavy Camel Rider
52:44 Plate Barding Armor
54:34 Blast Furnace
53:56 Maghrebi Camels
56:13 Bracer
56:30 Leather Archer Armor
61:08 Light Cavalry
63:25 Hussar
66:12 Ring Archer Armor
68:00 Caravan
110:56 Heavy Scorpion
K
4:20 Loom
14:17 Feudal Age
14:46 Double-Bit Axe
20:11 Castle Age
18:04 Fletching
19:27 Padded Archer Armor
22:22 Scale Barding Armor
24:18 Bodkin Arrow
29:38 Leather Archer Armor
31:02 Fervor
31:53 Bloodlines
33:09 Wheelbarrow
33:45 Ballistics
35:04 Bow Saw
35:27 Forging
39:25 Chain Barding Armor
43:11 Imperial Age
42:31 Masonry
43:18 Hand Cart
43:24 Capped Ram
43:50 Elite Genitour
44:52 Marauders
45:44 Husbandry
46:22 Iron Casting
45:37 Pikeman
46:51 Scale Mail Armor
48:15 Blast Furnace
46:36 Halberdier
47:17 Squires
48:15 Chain Mail Armor
48:36 Plate Barding Armor
50:12 Bracer
50:49 Arson
52:04 Coinage
56:21 Siege Ram
59:44 Light Cavalry
71:08 Guilds
71:30 Caravan
74:31 Hussar
84:39 Elite Tarkan
87:16 Chemistry
112:52 Murder Holes
Fs.hiGhly_
5:00 Loom
13:49 Feudal Age
21:09 Castle Age
20:07 Forging
20:10 Bloodlines
21:37 Scale Barding Armor
27:37 Iron Casting
29:50 Husbandry
33:52 Double-Bit Axe
33:51 Horse Collar
34:24 Town Watch
36:04 Chain Barding Armor
42:46 Imperial Age
40:55 Wheelbarrow
41:01 Light Cavalry
42:02 Scale Mail Armor
42:09 Pikeman
42:49 Squires
43:06 Chain Mail Armor
43:33 Hand Cart
44:23 Blast Furnace
42:47 Cavalier
44:53 Plate Barding Armor
44:48 Plate Mail Armor
43:48 Heavy Camel Rider
45:09 Hussar
47:16 Halberdier
47:48 Fletching
48:22 Conscription
48:26 Bodkin Arrow
49:09 Ballistics
49:50 Chemistry
50:21 Heavy Plow
49:44 Cavalier
50:59 Savar
52:35 Bow Saw
54:11 Arson
62:42 Citadels
79:11 Caravan
86:33 Masonry
103:41 Capped Ram
107:44 Siege Ram
ysk
8:25 Loom
12:46 Feudal Age
15:18 Town Watch
23:35 Castle Age
22:11 Fletching
23:44 Padded Archer Armor
29:57 Bodkin Arrow
34:10 Ballistics
37:52 Horse Collar
40:47 Wheelbarrow
41:16 Heavy Plow
44:13 Double-Bit Axe
45:11 Bow Saw
48:33 Imperial Age
46:24 Leather Archer Armor
47:29 Thumb Ring
50:55 Elite Mangudai
51:56 Conscription
52:47 Chemistry
54:02 Gold Mining
54:02 Stone Mining
61:01 Bracer
61:13 Bracer
63:03 Nomads
63:24 Conscription
68:00 Capped Ram
76:52 Chemistry
77:15 Caravan
78:31 Light Cavalry
79:21 Bloodlines
79:12 Husbandry
80:19 Hussar
Pelantaro
11:24 Feudal Age
12:20 Double-Bit Axe
16:35 Loom
19:59 Castle Age
20:43 Scale Barding Armor
21:21 Forging
22:51 Husbandry
26:43 Horse Collar
29:20 Fletching
30:22 Bloodlines
34:14 Wheelbarrow
35:02 Chain Barding Armor
36:58 Iron Casting
40:54 Imperial Age
38:30 Scale Mail Armor
37:58 Pikeman
38:45 Squires
39:54 Bow Saw
40:32 Hand Cart
40:12 Town Watch
41:40 Hauberk
40:58 Cavalier
42:16 Conscription
43:13 Plate Barding Armor
43:10 Heavy Plow
45:33 Halberdier
47:28 Blast Furnace
46:46 Chain Mail Armor
46:18 Elite Serjeant
50:19 Plate Mail Armor
50:23 Ballistics
51:13 Masonry
50:59 Bodkin Arrow
52:44 Chemistry
52:27 Bracer
53:03 Arrowslits
53:57 Hoardings
54:15 Crop Rotation
55:06 Chemistry
54:04 Murder Holes
55:01 First Crusade
58:56 Crossbowman
59:37 Padded Archer Armor
59:48 Arbalester
63:31 Leather Archer Armor
63:24 Siege Engineers
65:32 Arson
66:04 Caravan
69:29 Light Cavalry
77:53 Onager
79:32 Siege Onager
84:15 Capped Ram
86:20 Siege Ram
94:34 Coinage
94:15 Guilds
94:19 Elite Skirmisher
97:35 Banking
102:48 Sappers
PistonForjado
13:18 Loom
15:03 Feudal Age
17:35 Wheelbarrow
16:58 Double-Bit Axe
21:23 Castle Age
19:18 Stone Mining
19:19 Gold Mining
22:02 Forging
22:49 Bow Saw
24:14 Horse Collar
26:18 Heavy Plow
27:29 Hand Cart
36:38 Imperial Age
34:37 Fletching
35:30 Bodkin Arrow
37:02 Scale Barding Armor
38:54 Conscription
39:14 Chain Barding Armor
38:56 Husbandry
39:06 Bloodlines
40:16 Two-Man Saw
40:22 Crop Rotation
41:19 Iron Casting
41:22 Plate Barding Armor
42:01 Elite War Elephant
43:42 Iron Casting
46:59 Blast Furnace
48:23 Coinage
48:03 Guilds
48:57 Chemistry
48:17 Ballistics
57:56 Ballistics
66:11 Padded Archer Armor
67:05 Town Watch
67:43 Leather Archer Armor
67:36 Elite Skirmisher
68:22 Thumb Ring
69:37 Ring Archer Armor
70:20 Devotion
77:25 Masonry
102:35 Crossbowman
103:20 Kamandaran
ᅚᅚᅚᅚ
5:12 Loom
13:50 Feudal Age
15:10 Wheelbarrow
16:21 Double-Bit Axe
21:07 Castle Age
22:24 Bow Saw
23:26 Horse Collar
25:09 Gold Mining
29:30 Husbandry
32:19 Bloodlines
34:42 Forging
34:40 Scale Barding Armor
37:15 Forging
37:47 Fletching
40:12 Bodkin Arrow
43:25 Chain Barding Armor
47:07 Imperial Age
44:52 Light Cavalry
48:41 Gold Shaft Mining
48:08 Heavy Plow
47:37 Siege Elephant
49:47 Iron Casting
50:55 Conscription
50:41 Kshatriyas
53:59 Hand Cart
54:32 Hussar
55:00 Heavy Camel Rider
67:00 Town Watch
67:15 Hussar
68:25 Caravan
70:19 Crop Rotation
77:32 Town Patrol
90:17 Plate Barding Armor
90:35 Sappers
100:39 Bracer
101:46 Chemistry
101:07 Ballistics
103:14 Thumb Ring
102:42 Elite Elephant Archer
105:54 Elite Skirmisher
Sr. Sam
12:16 Feudal Age
13:04 Loom
15:51 Castle Age
14:04 Double-Bit Axe
15:10 Fletching
21:44 Town Watch
56:08 Horse Collar
57:57 Wheelbarrow
60:59 Heavy Plow
61:10 Bow Saw
63:43 Light Cavalry
64:24 Husbandry
68:54 Forging
68:50 Scale Barding Armor
72:05 Hand Cart
75:14 Iron Casting
75:24 Bloodlines
78:14 Caravan
80:13 Chain Barding Armor
86:29 Bodkin Arrow
86:34 Padded Archer Armor
89:45 Elite Skirmisher
93:14 Ballistics
109:53 Imperial Age
108:47 Leather Archer Armor
109:32 Thumb Ring
110:46 Bracer
113:43 Chemistry
Connection lost

Rejoining the realm…

Still unreachable

The connection could not be restored.

Session expired

The server has moved on; the page needs a fresh start.